 Dungeon Crawl Stone Soup version 0.21-a0-529-g8c7b3f5 (webtiles) character file.

949 Gildeon the Poker (level 7, -8/60 HPs)
             Began as a Demigod Fighter on Dec 11, 2017.
             Splashed by Ijyb's acid (16 damage)
             ... on level 5 of the Dungeon.
             The game lasted 00:18:51 (4896 turns).

Gildeon the Poker (Demigod Fighter)                 Turns: 4896, Time: 00:18:52

Health: -8/60      AC:  6    Str: 21    XL:     7   Next: 58%
Magic:  9/9        EV:  6    Int: 12    God:
Gold:   254        SH:  0    Dex: 17    Spells: 6/6 levels left

rFire    . . .     SeeInvis .   a - +0 flail (holy)
rCold    . . .     Gourm    .   (no shield)
rNeg     . . .     Faith    .   b - +0 plate armour
rPois    +         Spirit   .   x - +0 helmet
rElec    .         Reflect  .   q - +1 cloak
rCorr    .         Harm     .   (no gloves)
MR       .....                  (no boots)
Stlth    ..........             y - amulet of regeneration
HPRegen  0.60/turn              r - ring of poison resistance
MPRegen  0.11/turn              (no ring)

@: corroded
A: high mp 1
a: no special abilities


You were on level 5 of the Dungeon.
You were full.

You visited 1 branch of the dungeon, and saw 5 of its levels.

You collected 254 gold pieces.

Inventory:

Hand Weapons
 a - a +0 flail of holy wrath (weapon)
Missiles
 h - 39 bolts
 s - 41 arrows
 z - 9 tomahawks (quivered)
Armour
 b - a +0 plate armour (worn)
 q - a +1 cloak (worn)
 x - a +0 helmet (worn)
Jewellery
 r - a ring of poison resistance (left hand)
 y - an amulet of regeneration (around neck)
Wands
 w - a wand of polymorph (8)
Scrolls
 c - 3 scrolls of teleportation
 t - a scroll of remove curse
Potions
 e - 3 potions of berserk rage
 i - 2 potions of curing
 l - 3 potions of haste
 n - a potion of degeneration {unknown}
 o - 3 potions of agility {unknown}
 p - a potion of resistance {unknown}
 u - a potion of heal wounds {unknown}
 v - 2 potions of ambrosia {unknown}
 B - a potion of cancellation {unknown}
Comestibles
 f - 6 bread rations
 g - 7 fruits
 m - 3 meat rations


   Skills:
 + Level 4.8 Fighting
 - Level 5.0 Maces & Flails
   Level 5.2 Polearms
 - Level 2.6 Armour
   Level 2.6 Shields


You had 6 spell levels left.
You didn't know any spells.

Dungeon Overview and Level Annotations

Branches:
Dungeon (5/15)
 Temple: D:4-7

Annotations:
D:5 Ijyb


Innate Abilities, Weirdness & Mutations

You have an increased reservoir of magic. (+10% MP)


Message History

You hit the big kobold.
The big kobold is moderately wounded.
The big kobold hits you.
You hit the big kobold.
The big kobold is moderately wounded.
The big kobold hits you but does no damage.
You hit the big kobold.
The big kobold is moderately wounded.
The big kobold barely misses you.
You sock the big kobold!
The big kobold is severely wounded.
The big kobold hits you but does no damage.
You sock the big kobold!
You kill the big kobold!
Ijyb screams, "It's all mine!"
You hit Ijyb but do no damage. Ijyb hits you but does no damage.
You closely miss Ijyb.
Ijyb zaps a wand.
The bolt of acid hits you!
* * * LOW HITPOINT WARNING * * *
You are splashed with acid!
The acid burns!
You die...

###...........#.####.##..#.#
#........................#.#
#.#.#...#..........#.##.....
#.....###.#.###.##.#.###.#.#
###.### #.#.###.##.#.###.#.#
#.# #.#................. ###
#.....#..........#.#
######.###.####.#.###.#.#
.......g@.........#.#.#.#
.......###.####.#.#.#.#.#
....... #.# #.#.#......
....... #.# #..........
....... #.######.#.#.###
....... #........#.#.##.
....... ########.#.#.##.
####### #.#.#.... #.#.####.


You could see Ijyb.

Vanquished Creatures
  2 phantoms (D:5)
  An ogre (D:5)
  A big kobold (D:5)
  A bullfrog (D:5)
  A howler monkey (D:4)
  A jelly (D:5)
  A bullfrog skeleton (D:5)
  3 orc wizards
  2 iguanas
  3 worker ants
  Robin (D:3)
  5 gnolls
  3 adders
  A shadow imp (D:5)
  An adder skeleton (D:4)
  2 worms (D:5)
  11 dart slugs
  4 leopard geckos
  22 orcs
  8 bats
  3 giant cockroaches
  3 hobgoblins
  5 jackals
  A quokka (D:3)
  A ball python (D:4)
  5 frilled lizards
  16 goblins
  8 kobolds
  8 rats
124 creatures vanquished.

Notes
Turn   | Place    | Note
-------+----------+-------------------------------------------
     0 | D:1      | Gildeon the Demigod Fighter began the quest for the Orb.
     0 | D:1      | Reached XP level 1. HP: 18/18 MP: 3/3
   212 | D:1      | Reached XP level 2. HP: 25/25 MP: 4/4
   728 | D:2      | Found a faded altar of an unknown god.
   749 | D:2      | Reached XP level 3. HP: 19/30 MP: 5/5
  1778 | D:3      | Reached XP level 4. HP: 37/37 MP: 6/6
  1803 | D:3      | Noticed Robin
  1813 | D:3      | Killed Robin
  2423 | D:3      | Reached skill level 5 in Polearms
  2423 | D:3      | Reached XP level 5. HP: 24/42 MP: 7/7
  3419 | D:4      | Reached XP level 6. HP: 40/52 MP: 8/8
  4199 | D:5      | Entered Level 5 of the Dungeon
  4219 | D:5      | Found an iron altar of Okawaru.
  4220 | D:5      | Found a bloodstained altar of Trog.
  4277 | D:5      | Found a shadowy altar of Dithmenos.
  4306 | D:5      | Found a glowing golden altar of the Shining One.
  4331 | D:5      | Reached skill level 1 in Maces & Flails
  4373 | D:5      | Found a shattered altar of Ashenzari.
  4446 | D:5      | Reached XP level 7. HP: 54/60 MP: 9/9
  4572 | D:5      | Found a burning altar of Makhleb.
  4749 | D:5      | Reached skill level 5 in Maces & Flails
  4878 | D:5      | Noticed Ijyb
  4896 | D:5      | Splashed by Ijyb's acid

Vault maps used:
D:1:      eino_arrival_water_star, grunt_decor_fettered, minmay_heptomino_o4
D:2:      chequers_ecumenical_altar_island
D:3:      kennysheep_slugbush, patterned_corridor, uniq_robin
D:4:      first_bread
D:5:      grunt_temple_overflow_bloody_war, kennysheep_mini,
          evilmike_ruin_ashenzari, nicolae_dithmenos_the_darkroom, basic_altar,
          kennysheep_generic_room_16, uniq_ijyb

Skill      XL: |  1  2  3  4  5  6  7 |
---------------+----------------------+-----
Polearms       | 2 3 4 5 |  5.2
Fighting       | 4 |  4.8
Maces & Flails | 3 5 |  5.0
Armour         | |  2.6
Shields        | |  2.6

Action                   |  1- 3 |  4- 6 |  7- 9 || total
-------------------------+-------+-------+-------++-------
Melee: Trident           |   164 |   206 |       ||   370
       Flail             |       |    43 |    52 ||    95
Throw: Tomahawk          |       |    12 |    14 ||    26
Evoke: Wand              |       |     1 |     3 ||     4
  Use: Scroll            |     3 |     5 |     1 ||     9
       Potion            |       |     3 |     1 ||     4
  Eat: Chunk             |    18 |     7 |       ||    25
Armor: Scale mail        |    81 |    99 |       ||   180
       Plate armour      |       |     7 |    26 ||    33
Dodge: Dodged            |    67 |   120 |    13 ||   200
Block: Shield            |    48 |       |       ||    48

Table legend:
 A = Spawn XP
 B = Non-spawn XP
 C = Spawn XP percentage of total XP
 D = Spawn monster count
 E = Non-spawn monster count
 F = Spawn count percentage of total count
 G = Total turns spent on level
                    A         B        C        D         E        F      G
               +---------+---------+-------+---------+---------+-------+---------
         Total |       0 |    1357 |   0.0 |       0 |     124 |   0.0 |  4896
               +---------+---------+-------+---------+---------+-------+---------
           D:1 |       0 |      41 |   0.0 |       0 |      23 |   0.0 |   697
           D:2 |       0 |      29 |   0.0 |       0 |      11 |   0.0 |   791
           D:3 |       0 |     215 |   0.0 |       0 |      42 |   0.0 |  1534
           D:4 |       0 |     251 |   0.0 |       0 |      26 |   0.0 |  1177
           D:5 |       0 |     821 |   0.0 |       0 |      22 |   0.0 |   697
               +---------+---------+-------+---------+---------+-------+---------
